 Dungeon Sprint DCSS version 0.27-a0-695-gb4952372f7 (webtiles) character file.

Game seed: 17950516777663338296

689 mhtbhm the Cleaver (level 7, -6/62 HPs)
             Began as a Formicid Fighter on Mar 21, 2021.
             Was a High Priest of Trog.
             Mangled by a cane toad (18 damage)
             ... in the Dungeon (Sprint VII: "The Pits").
             The game lasted 00:01:10 (1000 turns).

mhtbhm the Cleaver (Formicid Fighter)               Turns: 1000, Time: 00:01:11

Health: -6/62      AC: 14    Str: 22    XL:     7   Next: 95%
Magic:  7/7        EV:  9    Int:  8    God:    Trog [*****.]
Gold:   0          SH: 11    Dex: 10    Spells: 6/6 levels left

rFire    . . .     SeeInvis +   a - +2 hand axe
rCold    . . .     Faith    .   c - +0 kite shield
rNeg     . . .     Spirit   .   b - +3 chain mail
rPois    .         Reflect  .   (helmet unavailable)
rElec    .         Harm     .   (no cloak)
rCorr    .         Rampage  .   (no gloves)
Will     .....                  (no boots)
Stlth    ..........             (no amulet)
HPRegen  0.20/turn              (no ring)
MPRegen  0.10/turn              (no ring)

@: lethally poisoned (-6 -> -25)
A: permanent stasis, dig shafts and tunnels, antennae 3, four strong arms
a: Dig, Renounce Religion, Trog's Hand, Brothers in Arms


You were in the Dungeon.
You worshipped Trog.
Trog was extremely pleased with you.
You visited 1 branch

Inventory:

Hand Weapons
 a - a +2 hand axe (weapon)
Armour
 b - a +3 chain mail (worn)
 c - a +0 kite shield (worn)
Scrolls
 i - a scroll of summoning
Potions
 d - a potion of might
 e - 4 potions of curing
 f - 5 potions of heal wounds
 g - 4 potions of magic
 h - 2 potions of invisibility


   Skills:
 + Level 8.2 Fighting
 + Level 9.8 Axes
 + Level 8.6 Armour
 + Level 2.8 Dodging
 + Level 1.2 Stealth
 + Level 9.7 Shields


You had 6 spell levels left.
You didn't know any spells.
Your spell library was empty.

Dungeon Overview and Level Annotations

Branches:
Dungeon (1/1)

Altars:
Cheibriados
Dithmenos
Elyvilon
Fedhas
Gozag
Hepliaklqana
Makhleb
Nemelex Xobeh
Okawaru
Qazlal
Ru
Sif Muna
Trog
Vehumet
Wu Jian
Xom
Yredelemnul
Zin
The Shining One
Beogh
Jiyva
Lugonu


Innate Abilities, Weirdness & Mutations

You cannot be hasted, slowed, berserked, paralysed or teleported.
You can dig through walls and to a lower floor.
You have a pair of large antennae on your head. (SInv)
Your four strong arms can wield two-handed weapons with a shield.


Message History

You are too injured to fight recklessly!
You are too injured to fight recklessly!
You are too injured to fight recklessly!
You are too injured to fight recklessly!
You are too injured to fight recklessly!
You are too injured to fight recklessly!
You are too injured to fight recklessly!
You are too injured to fight recklessly!
You are too injured to fight recklessly!
You are too injured to fight recklessly!
You feel better. You block the cane toad's attack.
You closely miss the cane toad.
The cane toad is heavily wounded.
The cane toad stings you!
* * * LOW HITPOINT WARNING * * *
You are lethally poisoned!
The cane toad poisons you!
You hit the cane toad but do no damage.
The cane toad is heavily wounded.
* * * LOW HITPOINT WARNING * * *
You feel sick. The cane toad stings you!
* * * LOW HITPOINT WARNING * * *
You are more poisoned.
The cane toad poisons you!
You feel better. You block the cane toad's attack.
You feel much better. You block the cane toad's attack.
You hit the cane toad but do no damage.
The cane toad is heavily wounded.
You block the cane toad's attack.
You hit the cane toad.
The cane toad is heavily wounded.
The cane toad stings you!
* * * LOW HITPOINT WARNING * * *
You are lethally poisoned!
The cane toad poisons you!
You hit the cane toad but do no damage.
The cane toad is heavily wounded.
* * * LOW HITPOINT WARNING * * *
You feel sick. The cane toad stings you!!
You die...

#.#..#..#))##.......#
#.#††#..#..##.......#
#.##'#†.#'###...<...#
#.#...†....##.......#
#.#........##.......#
#'###########.......#
#.......#..##########
{ #..#.#..#.## ###
#.##.##.#@# ...#
#.......#F#{...#
#.##†##.#F'....+
#..#.#..#†#....#
#.......')#....#
########### ####


You could see a cane toad and a bullfrog.

Vanquished Creatures
  A redback (D)
  A warg (D)
  A floating eye (D)
  A necrophage (D)
  A gnoll sergeant (D)
  A jelly (D)
  An orc priest (D)
  A worker ant (D)
  2 mummies (D)
  3 river rats (D)
  2 adders (D)
  A worm (D)
  A leopard gecko (D)
  A giant cockroach (D)
  A quokka (D)
  A bat (D)
  A rat (D)
21 creatures vanquished.

Vanquished Creatures (others)
  An orc wizard (D)
1 creature vanquished.

Grand Total: 22 creatures vanquished

Notes
Turn   | Place    | Note
-------+----------+-------------------------------------------
     0 | D        | mhtbhm the Formicid Fighter began the quest for the Orb.
     0 | D        | Reached XP level 1. HP: 18/18 MP: 1/1
    15 | D        | Reached XP level 2. HP: 22/25 MP: 2/2
   115 | D        | Found a bloodstained altar of Trog.
   115 | D        | Found a shimmering blue altar of Sif Muna.
   115 | D        | Found a viscous altar of Jiyva.
   115 | D        | Found a hazy altar of Hepliaklqana.
   115 | D        | Found an opulent altar of Gozag.
   116 | D        | Found a glowing golden altar of the Shining One.
   116 | D        | Found a glowing silver altar of Zin.
   116 | D        | Found a basalt altar of Yredelemnul.
   116 | D        | Found a shimmering altar of Xom.
   116 | D        | Found an ornate altar of the Wu Jian Council.
   116 | D        | Found a sacrificial altar of Ru.
   116 | D        | Found a stormy altar of Qazlal.
   116 | D        | Found an iron altar of Okawaru.
   116 | D        | Found a sparkling altar of Nemelex Xobeh.
   116 | D        | Found a burning altar of Makhleb.
   116 | D        | Found a blossoming altar of Fedhas.
   116 | D        | Found a white marble altar of Elyvilon.
   116 | D        | Found a shadowy altar of Dithmenos.
   116 | D        | Found a snail-covered altar of Cheibriados.
   118 | D        | Found a radiant altar of Vehumet.
   118 | D        | Found a corrupted altar of Lugonu.
   120 | D        | Became a worshipper of Trog the Wrathful
   369 | D        | Noticed a floating eye
   379 | D        | Reached * piety under Trog
   380 | D        | Reached skill level 5 in Armour
   380 | D        | Reached skill level 5 in Shields
   380 | D        | Reached XP level 3. HP: 21/31 MP: 3/3
   383 | D        | Killed a floating eye
   384 | D        | Reached XP level 4. HP: 28/40 MP: 4/4
   384 | D        | Reached XP level 5. HP: 32/46 MP: 5/5
   484 | D        | Reached ** piety under Trog
   485 | D        | Reached skill level 5 in Axes
   493 | D        | Noticed a necrophage
   504 | D        | Killed a necrophage
   505 | D        | Reached skill level 1 in Dodging
   505 | D        | Reached XP level 6. HP: 43/53 MP: 6/6
   612 | D        | Reached *** piety under Trog
   678 | D        | Noticed a warg
   688 | D        | Killed a warg
   689 | D        | Reached skill level 1 in Stealth
   689 | D        | Reached XP level 7. HP: 43/60 MP: 7/7
   696 | D        | Reached **** piety under Trog
   873 | D        | Noticed a redback
   880 | D        | Killed a redback
   899 | D        | Reached ***** piety under Trog
   978 | D        | Noticed a jumping spider
   978 | D        | Noticed a cane toad
   995 | D        | HP: 1/62 [cane toad (12)]
  1000 | D        | Mangled by a cane toad

Illustrated notes

Levels and vault maps discovered:
D:        pitsprint [storerooms_1, entrance_room_1, metal_vault_2, armoury_1,
          mini_pit_1, grid_room_1, main_hall_1, silver_pit, the_coven_1,
          the_vestibule_1, steel_vault_2, golden_pit, hallway_of_sentries,
          crystal_vault_3, iron_vault_2, final_vault]

Skill      XL: |  1  2  3  4  5  6  7 |
---------------+----------------------+-----
Fighting       | 4 6 7 8 |  8.2
Armour         | 4 5 6 7 8 |  8.6
Shields        | 4 5 6 7 8 9 |  9.7
Axes           | 3 4 6 8 9 |  9.8
Dodging        | 1 2 |  2.8
Stealth        | 1 |  1.2

Action                   |  1- 3 |  4- 6 |  7- 9 || total
-------------------------+-------+-------+-------++-------
Melee: War axe           |     2 |       |       ||     2
       Hand axe          |    25 |    48 |    79 ||   152
  Use: Potion            |       |       |     3 ||     3
Armor: Scale mail        |     5 |     7 |       ||    12
       Chain mail        |       |     5 |    18 ||    23
Dodge: Dodged            |     6 |    16 |     5 ||    27
Block: Kite shield       |    12 |    23 |    31 ||    66

Table legend: (Time is in decaauts)
 A = Elapsed time spent in this place.
 B = Non-inter-level travel time spent in this place.
 C = Inter-level travel time spent in this place.
 D = Time resting spent in this place.
 E = Time spent auto-exploring this place.
 F = Levels seen in this place.
 G = Mean time per level.
                   A        B        C        D        E       F      G
               +--------+--------+--------+--------+--------+-----+--------+
         Total |    998 |    998 |      0 |    627 |     63 |   1 |  998.0 |
       Dungeon |    998 |    998 |      0 |    627 |     63 |   1 |  998.0 |
               +--------+--------+--------+--------+--------+-----+--------+

Top non-repeatable levels by time:
       D: 998 daAuts
